 Dungeon Crawl Stone Soup version 0.10.0-32-gfa280cc character file.

1379 auman the Covered (level 8, -1/68 HPs)
             Began as a Hill Orc Fighter on Mar 17, 2012.
             Was an Initiate of Okawaru.
             Slain by an orc (3 damage)
             ... on Level 6 of the Dungeon.
             The game lasted 00:40:38 (5022 turns).

auman the Covered (Hill Orc Fighter)                Turns: 5022, Time: 00:40:38

HP  -1/68        AC 10     Str 21      XL: 8   Next: 56%
MP   7/7         EV  5     Int  5 (8)  God: Okawaru [......]
Gold 287         SH 21     Dex 10      Spells:  0 memorised,  7 levels left

Res.Fire  : . . .   See Invis. : .   x - +0 orc hand axe
Res.Cold  : . . .   Warding    : . . k - +0 orc chain mail (curse)
Life Prot.: . . .   Conserve   : .   c - +0 orc shield
Res.Acid. : . . .   Res.Corr.  : .   p - +0 helmet
Res.Poison: .       Clarity    : .   (no cloak)
Res.Elec. : .       Spirit.Shd : .   (no gloves)
Sust.Abil.: . .     Stasis     : .   (no boots)
Res.Mut.  : .       Ctrl.Telep.: .   (no amulet)
Res.Rott. : .       Levitation : .   (no ring)
Saprovore : + . .   Ctrl.Flight: .   (no ring)

@: slightly resistant to hostile enchantments, extremely unstealthy
A: saprovore 1
a: Renounce Religion


You were on level 6 of the Dungeon.
You worshipped Okawaru.
Okawaru was pleased with you.
You were not hungry.

You visited 2 branches of the dungeon, and saw 7 of its levels.

You collected 267 gold pieces.

Inventory:

Hand weapons
 o - a +3,+2 orcish hand axe
 t - a +0,+1 orcish war axe
 w - a +0,+0 orcish hand axe
 x - a +0,+0 orcish hand axe (weapon)
 y - a +0,+0 orcish hand axe
Missiles
 g - 36 +0 darts (quivered)
 i - 13 +0 arrows of frost
Armour
 c - a +0 orcish shield (worn)
 k - a cursed +0 orcish chain mail (worn)
 p - a +0 helmet (worn)
 q - a +0 orcish scale mail
Magical devices
 v - a wand of digging (3) {unknown}
Comestibles
 d - 2 meat rations
Scrolls
 b - a scroll of teleportation
 e - 2 scrolls of remove curse
 f - 2 scrolls of identify
Jewellery
 l - a cursed -2 ring of strength
Potions
 h - a potion of confusion
 m - a potion of restore abilities
 n - a potion of slowing
 r - a potion of curing


   Skills:
 + Level 5.6 Fighting
 + Level 4.7 Axes
 + Level 1.6 Throwing
 + Level 6.0 Armour
 + Level 3.5 Dodging
 + Level 0.8 Stealth
 + Level 5.3 Shields
 + Level 0.6 Traps & Doors


You had 7 spell levels left.
You didn't know any spells.

Dungeon Overview and Level Annotations

Branches:
Dungeon (6/27)             Temple (1/1) D:5
    Orc: D:6-11

Altars:
Ashenzari
Cheibriados
Elyvilon
Fedhas
Makhleb
Okawaru
Sif Muna
The Shining One
Trog
Vehumet
Xom
Yredelemnul
Zin


Innate Abilities, Weirdness & Mutations

You can tolerate rotten meat.


Message History

The puff of frost hits you!
Your potion of might freezes and shatters!
* * * LOW HITPOINT WARNING * * *
The orc hits you but does no damage.
Your chain mail prevents you from hitting the orc.
The orc is moderately wounded.
It hits you.
* * * LOW HITPOINT WARNING * * *
You hear some strange, mumbled words.
The magic dart hits you!
* * * LOW HITPOINT WARNING * * *
The orc hits you but does no damage.
Your shield and chain mail prevent you from hitting the orc.
The orc is moderately wounded.
You block the orc's attack.
You slash the orc.
The orc is heavily wounded.
It hits you but does no damage. The orc hits you.
You die...

... +.....# #.....#
#.....+ #.....
#.... #... #'###
#.o@# #+### ###.#
..[.### #####'##
....'.## #......#
....#..#####......#
....##.....'......+
....########<.....#
##'## #####+## ##.#


You could see an orc.

Vanquished Creatures
  Prince Ribbit (D:6)
  Menkaure (D:4)
  2 ogres (D:4)
  A giant frog (D:5)
  A water moccasin skeleton (D:5)
  A killer bee zombie (D:5)
  A big kobold zombie (D:4)
  A crimson imp (D:5)
  A hound (D:4)
  2 orc wizards
  3 scorpions
  An orc priest (D:3)
  A worker ant (D:4)
  Ijyb (D:5)
  A jelly (D:5)
  3 adders
  A giant mite (D:4)
  4 giant geckos
  6 orcs
  9 giant cockroaches
  12 hobgoblins
  2 jackals (D:4)
  8 kobolds
  2 oozes
  A quokka (D:4)
  7 bats
  A giant gecko skeleton (D:5)
  8 giant newts
  14 goblins
  A hobgoblin skeleton (D:5)
  9 rats
  A bush (D:2)
  A toadstool (D:3)
109 creatures vanquished.

Vanquished Creatures (others)
  An orc wizard (D:5)
  A hobgoblin (D:4)
  A toadstool (D:5)
3 creatures vanquished.

Grand Total: 112 creatures vanquished

Notes
Turn   | Place    | Note
--------------------------------------------------------------
     0 | D:1      | auman, the Hill Orc Fighter, began the quest for the Orb.
     0 | D:1      | Reached XP level 1. HP: 19/19 MP: 0/0
   213 | D:1      | Reached XP level 2. HP: 23/26 MP: 1/1
   440 | D:1      | Reached skill level 4 in Fighting
   749 | D:1      | Reached XP level 3. HP: 29/33 MP: 2/2
   910 | D:2      | Found a radiant altar of Vehumet.
  1748 | D:3      | Reached skill level 1 in Dodging
  1748 | D:3      | Reached XP level 4. HP: 26/40 MP: 3/3
  1933 | D:3      | Reached XP level 5. HP: 38/47 MP: 4/4
  2248 | D:3      | Reached skill level 5 in Fighting
  2514 | D:4      | Reached XP level 6. HP: 39/53 MP: 5/5
  2976 | D:4      | Noticed Menkaure
  2986 | D:4      | Killed Menkaure
  2986 | D:4      | Reached skill level 1 in Throwing
  2986 | D:4      | Reached skill level 5 in Armour
  2986 | D:4      | Reached XP level 7. HP: 14/60 MP: 6/6
  3596 | D:5      | Entered Level 5 of the Dungeon
  3772 | D:5      | Found a white marble altar of Elyvilon.
  3774 | D:5      | Found a staircase to the Ecumenical Temple.
  3821 | D:5      | Reached skill level 5 in Shields
  3876 | D:5      | Reached XP level 8. HP: 43/68 MP: 7/7
  3946 | Temple   | Entered the Ecumenical Temple
  4050 | Temple   | Became a worshipper of Warmaster Okawaru
  4689 | D:5      | Noticed Ijyb
  4712 | D:5      | Killed Ijyb
  4851 | D:6      | Noticed Prince Ribbit
  4870 | D:6      | Killed Prince Ribbit
  4870 | D:6      | Reached skill level 6 in Armour
  5020 | D:6      | HP: 3/68 [something (4)]
  5020 | D:6      | HP: 1/68 [it/magic dart (2)]
  5022 | D:6      | Slain by an orc
